 Dungeon Crawl Stone Soup version 0.27-a0-1502-g47ed6a6988 (webtiles) character file.

Game seed: 4508837617690658792

9543 Anon1729 the Covert (level 11, -6/69 HPs)
             Began as a Kobold Monk on July 9, 2021.
             Was a High Priest of Fedhas.
             Mangled by a manticore (7 damage)
             ... on level 11 of the Dungeon.
             The game lasted 00:25:08 (11317 turns).

Anon1729 the Covert (Kobold Monk)                  Turns: 11317, Time: 00:25:09

Health: -6/69      AC: 10    Str:  9    XL:     11   Next: 76%
Magic:  16/16      EV: 22    Int: 11    God:    Fedhas [*****.]
Gold:   577        SH:  0    Dex: 21    Spells: 3/10 levels left

rFire    + . .     SeeInvis .   a - +9 lance "Wyrmbane" {slay drac, rPois rF+ rC+ AC+3}
rCold    + . .     Faith    .   (shield restricted)
rNeg     . . .     Spirit   .   w - +0 steam dragon scales
rPois    +         Reflect  .   s - +0 helmet
rElec    .         Harm     .   h - +0 cloak
rCorr    .         Rampage  .   (no gloves)
Will     .....                  (no boots)
Stlth    ++++++....             m - amulet of regeneration
HPRegen  1.21/turn              B - ring of flight
MPRegen  0.15/turn              t - ring of wizardry

@: flying
A: small, no large weapons, nightstalker 3
a: Renounce Religion, Wall of Briars, Grow Ballistomycete, Overgrow, Grow Oklob


You were on level 11 of the Dungeon.
You worshipped Fedhas.
Fedhas was extremely pleased with you.
You visited 1 branch of the dungeon, and saw 11 of its levels.
You also visited: Sewer.

You collected 577 gold pieces.

Inventory:

Hand Weapons
 a - the +9 lance "Wyrmbane" (weapon) {slay drac, rPois rF+ rC+ AC+3}
   (You took it off Maggie on level 7 of the Dungeon)

   AC:        It affects your AC (+3).
   rF:        It protects you from fire.
   rC:        It protects you from cold.
   rPois:     It protects you from poison.
 b - a +2 short sword of holy wrath
Armour
 h - a +0 cloak (worn)
 s - a +0 helmet (worn)
 w - +0 steam dragon scales (worn)
 C - +0 acid dragon scales
Jewellery
 m - an amulet of regeneration (around neck)
 t - a ring of wizardry (right hand)
 B - a ring of flight (left hand)
 E - an amulet of faith
Wands
 e - a wand of mindburst (8)
 j - a wand of paralysis (49)
 y - a wand of flame (50)
Scrolls
 c - 4 scrolls of teleportation
 f - a scroll of blinking {unknown}
 g - 3 scrolls of enchant weapon
 n - a scroll of fog {unknown}
 o - a scroll of immolation
 q - 4 scrolls of vulnerability
 r - 2 scrolls of brand weapon {unknown}
 v - 2 scrolls of amnesia {unknown}
 x - 3 scrolls of enchant armour
 D - 5 scrolls of identify
 F - a scroll of noise {unknown}
Potions
 d - 3 potions of attraction
 i - a potion of cancellation {unknown}
 k - 3 potions of flight
 l - 3 potions of heal wounds
 p - 5 potions of curing
 u - a potion of mutation {unknown}
 z - a potion of lignification {unknown}
 A - a potion of magic {unknown}
 G - a potion of brilliance {unknown}


   Skills:
 + Level 8.3 Fighting
 + Level 10.0 Short Blades
 + Level 2.7 Polearms
 + Level 9.2 Dodging
 + Level 10.3 Stealth
 + Level 0.4 Spellcasting
 - Level 4.0 Summonings
 + Level 6.6 Ice Magic
 + Level 6.8 Invocations


You had 3 spell levels left.
You knew the following spells:

 Your Spells              Type           Power      Damage    Failure   Level
a - Frozen Ramparts       Ice            28%        1d4       2%          3
b - Summon Ice Beast      Ice/Summ       11%        N/A       16%         4

Your spell library contained the following spells:

 Spells                   Type           Power      Damage    Failure   Level
 Ozocubu's Armour         Ice            14%        N/A       2%          3
 Sandblast                Erth           0%         2d4       14%         1
 Blink                    Tloc           N/A        N/A       21%         2
 Corpse Rot               Necr/Air       N/A        N/A       21%         2
 Passwall                 Tmut/Erth      0%         N/A       21%         2
 Slow                     Hex            0%         N/A       21%         2
 Static Discharge         Conj/Air       0%         N/A       21%         2
 Confusing Touch          Hex            0%         N/A       38%         3
 Lesser Beckoning         Tloc           0%         N/A       38%         3
 Ice Form                 Ice/Tmut       7%         N/A       32%         4
 Summon Lightning Spire   Summ/Air       4%         N/A       50%         4
 Dispel Undead            Necr           0%         3d6       77%         4
 Sticky Flame             Conj/Fire      0%         2d3       77%         4
 Lee's Rapid Deconstruct  Erth           0%         3d5*      97%         5
 Manifold Assault         Tloc           0%         N/A       97%         5
 Yara's Violent Unravell  Hex/Tmut       0%         3d3       97%         5
 Ozocubu's Refrigeration  Ice            7%         4d6       99%         7
 Death Channel            Necr           0%         N/A       100%        6
 Storm Form               Tmut/Air       0%         N/A       100%        7
 Maxwell's Capacitive Co  Air            0%         ∞         100%        8
 Chain Lightning          Conj/Air       0%         N/A       100%        9
 Fire Storm               Conj/Fire      0%         5d1       100%        9


Dungeon Overview and Level Annotations

Branches:
Dungeon (11/15)            Temple (0/1) D:7            Lair (0/6) D:11
    Orc (0/2) D:9           Sewer (visited)

Altars:
Cheibriados
Dithmenos
Fedhas
Hepliaklqana
Ru
Uskayaw
Vehumet
Wu Jian

Shops:
D:6 (   D:10 [

Annotations:
D:10 Josephine


Innate Abilities, Weirdness & Mutations

You are small and have problems with some larger weapons.
You are completely attuned to the shadows.


Message History

You hit the manticore but do no damage.
The manticore is lightly wounded.
The manticore barely misses you. The manticore completely misses you.
The manticore claws you!
You barely miss the manticore.
The manticore is lightly wounded.
The manticore completely misses you. The manticore closely misses you.
The manticore completely misses you. The yak gores you but does no damage.
You barely miss the manticore. The manticore misses you.
The manticore closely misses you. The manticore claws you.
A yak comes into view.
The yak misses you. The troll bites you but does no damage.
The troll misses you. The troll claws you!
You puncture the manticore!
The manticore is lightly wounded.
The manticore closely misses you. The manticore completely misses you.
The manticore claws you. The yak closely misses you. The yak misses you.
The troll bites you. The troll misses you. The troll completely misses you.
You hit the manticore.
The manticore is moderately wounded.
The manticore bites you. The manticore completely misses you. x2
A yak comes into view.
The yak misses you. The yak closely misses you.
The troll completely misses you. The troll claws you but does no damage.
The troll claws you!
You are too injured to fight recklessly!
You are too injured to fight recklessly!
You are too injured to fight recklessly!
You are too injured to fight recklessly!
You are too injured to fight recklessly!
You are too injured to fight recklessly!
You are too injured to fight recklessly!
You are too injured to fight recklessly!
The manticore bites you!!
* * * LOW HITPOINT WARNING * * *
The manticore claws you.
* * * LOW HITPOINT WARNING * * *
The manticore claws you!
You die...
Fedhas appreciates your contribution to the ecosystem.

### #.##### #......
######.####.
#...........
######.####.#....
#....#.# #.#.##.
#######....#.####.#.##.
....YH@................
(..YY##....#.####.#.#..
..Y.T##....#.# #.#.#..
.....##....#.# #.#.#..
.....#######.# #.#.#..
.....# #.# #.. #.# #.#
####)# #.#


You could see a manticore and 4 yaks.

Vanquished Creatures
  A two-headed ogre (D:10)
  Urug (D:10)
  Maggie (D:7)
  A gargoyle (D:10)
  2 trolls
  Prince Ribbit (D:7)
  2 hornets (D:8)
  5 yaks (D:9)
  A shadow (D:11)
  A wyvern (D:10)
  5 wraiths
  5 steam dragons
  2 vampire mosquitoes (D:10)
  An acid dragon (D:9)
  A water moccasin (D:6)
  5 black bears
  An ice beast (D:8)
  3 orc warriors
  4 ogres
  3 centaurs
  A kobold brigand (Sewer)
  A bullfrog (D:11)
  A gnoll sergeant (D:9)
  A water moccasin skeleton (D:5)
  6 killer bees
  A wight (D:10)
  A howler monkey (D:5)
  4 centaur zombies
  A jelly (D:8)
  5 hounds
  3 centaur skeletons
  3 orc priests
  2 bullfrog skeletons (D:6)
  Jessica (D:3)
  Ijyb (D:5)
  4 iguanas
  4 orc wizards
  A killer bee zombie (D:8)
  A hound skeleton (D:5)
  A mummy (D:5)
  Robin (D:3)
  2 howler monkey zombies
  8 gnolls
  A howler monkey skeleton (D:7)
  3 adders (D:2)
  A shadow imp (D:5)
  2 worms (D:3)
  3 dart slugs
  22 orcs
  7 ball pythons
  4 endoplasms
  4 giant cockroaches
  13 goblins
  11 hobgoblins
  13 jackals
  A quokka (D:4)
  3 bats (D:1)
  4 frilled lizards
  12 kobolds
  11 rats
  A spectral goblin (D:10)
216 creatures vanquished.

Vanquished Creatures (collateral kills)
  3 killer bees (D:5)
3 creatures vanquished.

Vanquished Creatures (others)
  A wraith (D:10)
  An adder (D:6)
  A plant (D:11)
3 creatures vanquished.

Grand Total: 222 creatures vanquished

Notes
Turn   | Place    | Note
-------+----------+-------------------------------------------
     0 | D:1      | Anon1729 the Kobold Monk began the quest for the Orb.
     0 | D:1      | Reached XP level 1. HP: 14/14 MP: 1/1
    79 | D:1      | Reached XP level 2. HP: 10/19 MP: 2/2
   577 | D:1      | Reached XP level 3. HP: 22/23 MP: 3/3
  1375 | D:2      | Reached XP level 4. HP: 19/29 MP: 4/4
  1795 | D:2      | Learned a level 3 spell: Frozen Ramparts
  2005 | D:2      | Found a faded altar of an unknown god.
  2202 | D:3      | Reached XP level 5. HP: 29/33 MP: 5/5
  2330 | D:3      | Reached skill level 5 in Short Blades
  2368 | D:3      | Noticed Jessica
  2373 | D:3      | Killed Jessica
  2374 | D:3      | Reached skill level 1 in Ice Magic
  2394 | D:3      | Found a glowing drain.
  2421 | Sewer    | Entered a sewer
  2496 | Sewer    | Noticed a kobold brigand
  2619 | Sewer    | Killed a kobold brigand
  2620 | Sewer    | Reached XP level 6. HP: 38/39 MP: 6/6
  2677 | Sewer    | Found a white marble altar of Elyvilon.
  2793 | D:3      | Noticed Robin
  2858 | D:3      | Killed Robin
  3003 | D:3      | Reached skill level 5 in Stealth
  3249 | D:3      | Found a blossoming altar of Fedhas.
  3257 | D:3      | Became a worshipper of Fedhas Madash
  3257 | D:3      | Reached * piety under Fedhas
  3257 | D:3      | Reached ** piety under Fedhas
  3674 | D:4      | Reached skill level 5 in Dodging
  3836 | D:4      | Reached XP level 7. HP: 40/44 MP: 7/7
  4576 | D:4      | Reached skill level 1 in Invocations
  4960 | D:5      | Entered Level 5 of the Dungeon
  5057 | D:5      | Reached skill level 5 in Fighting
  5091 | D:5      | Noticed Ijyb
  5101 | D:5      | Paralysed by Ijyb for 3 turns
  5110 | D:5      | Paralysed by Ijyb for 7 turns
  5158 | D:5      | Killed Ijyb
  5433 | D:5      | Found a snail-covered altar of Cheibriados.
  5437 | D:5      | Reached XP level 8. HP: 49/49 MP: 9/9
  5842 | D:6      | Reached *** piety under Fedhas
  5847 | D:6      | Found Syfuad Boli's Weapon Emporium.
  5982 | D:6      | Noticed a troll
  5986 | D:6      | Killed a troll
  5987 | D:6      | Reached XP level 9. HP: 55/55 MP: 11/11
  6880 | D:7      | Noticed Maggie
  6886 | D:7      | Killed Maggie
  7098 | D:7      | Found a staircase to the Ecumenical Temple.
  7145 | D:7      | Found a radiant altar of Vehumet.
  7200 | D:7      | Noticed Prince Ribbit
  7204 | D:7      | Killed Prince Ribbit
  7205 | D:7      | Reached skill level 5 in Ice Magic
  7205 | D:7      | Reached XP level 10. HP: 61/61 MP: 13/13
  7210 | D:7      | Learned a level 4 spell: Summon Ice Beast
  7656 | D:8      | Noticed a two-headed ogre
  7764 | D:8      | Reached skill level 5 in Invocations
  7989 | D:8      | Reached skill level 1 in Summonings
  8041 | D:8      | Found a hide-covered altar of Uskayaw.
  8958 | D:9      | Reached **** piety under Fedhas
  9015 | D:9      | Found a staircase to the Orcish Mines.
  9250 | D:9      | Reached skill level 1 in Polearms
  9786 | D:10     | Entered Level 10 of the Dungeon
  9853 | D:10     | Noticed a gargoyle
  9878 | D:10     | Reached XP level 11. HP: 68/68 MP: 15/15
  9974 | D:10     | Noticed a two-headed ogre
  9990 | D:10     | Killed a two-headed ogre
 10015 | D:10     | Found a sacrificial altar of Ru.
 10016 | D:10     | Found an ornate altar of the Wu Jian Council.
 10016 | D:10     | Found a shadowy altar of Dithmenos.
 10075 | D:10     | Reached skill level 10 in Stealth
 10153 | D:10     | Found Petauj's Antique Armour Boutique.
 10311 | D:10     | Noticed Urug
 10319 | D:10     | Killed Urug
 10741 | D:10     | Noticed Josephine
 10928 | D:10     | Found a hazy altar of Hepliaklqana.
 11063 | D:11     | Reached ***** piety under Fedhas
 11170 | D:11     | Found a staircase to the Lair.
 11184 | D:11     | Reached skill level 10 in Short Blades
 11307 | D:11     | Noticed a manticore
 11317 | D:11     | HP: 1/69 [manticore (6)]
 11317 | D:11     | Mangled by a manticore

Illustrated notes

Levels and vault maps discovered:
D:1:      giann_wishing_wells, layout_loops_ring
D:2:      layout_rooms, shapermc_ecumenical_altar_totnotflames
D:3:      layout_loops_corners, marbit_many_paths, cheibrodos_sewer_entry_drain,
          uniq_robin, uniq_jessica
D:4:      layout_gridville
D:5:      layout_rooms, slow_altar_1, uniq_ijyb
D:6:      minmay_diamond_boxcup, layout_loops_ring, serial_shops, shop
D:7:      layout_cave_pools, vehumet_crystals, minmay_temple_entry_ruins,
          uniq_prince_ribbit1, uniq_maggie
D:8:      layout_layer_cave, nicolae_uskayaw_dance_hall
D:9:      layout_loops_ring, orc_0_dummy
D:10:     minmay_spotlight, layout_basic,
          nicolae_hepliaklqana_monster_ancestors,
          chequers_temple_overflow_statue_of_worship, serial_shops,
          nicolae_shop_behind_doors, uniq_josephine, uniq_urug
D:11:     layout_basic, grunt_lair_entry_orc_guard_hut, nicolae_take_the_stairs,
          grunt_ministairs_1, kennysheep_generic_room_9

Skill      XL: |  1  2  3  4  5  6  7  8  9 10 11 |
---------------+----------------------------------+-----
Stealth        | 3 4 5 6 7 8 9 10 | 10.3
Dodging        | 4 5 6 7 8 9 |  9.2
Fighting       | 4 5 6 7 8 |  8.3
Short Blades   | 5 6 7 8 9 10 | 10.0
Ice Magic      | 1 2 3 5 6 |  6.6
Invocations    | 2 3 4 6 |  6.8
Summonings     | 2 4 |  4.0
Polearms       | 1 2 |  2.7
Spellcasting   | |  0.4

Action                   |  1- 3 |  4- 6 |  7- 9 | 10-12 || total
-------------------------+-------+-------+-------+-------++-------
Melee: Short sword       |   122 |   222 |   301 |    23 ||   668
       Lance             |       |       |       |   310 ||   310
Throw: Dart              |       |       |     3 |     1 ||     4
 Cast: Frozen Ramparts   |       |       |     1 |     2 ||     3
       Summon Ice Beast  |       |       |       |     1 ||     1
Invok: Wall of Briars    |       |       |     1 |     1 ||     2
Evoke: Wand              |       |       |     6 |     3 ||     9
  Use: Potion            |       |       |     6 |       ||     6
       Scroll            |       |       |     7 |       ||     7
 Stab: Sleeping          |    13 |    23 |    17 |    33 ||    86
       Distracted        |       |       |     1 |       ||     1
Armor: Robe              |    11 |    10 |    10 |       ||    31
       Animal skin       |       |       |    23 |       ||    23
       Steam dragon scal |       |       |    18 |    64 ||    82
Dodge: Dodged            |    85 |   161 |   225 |   287 ||   758

Table legend: (Time is in decaauts)
 A = Elapsed time spent in this place.
 B = Non-inter-level travel time spent in this place.
 C = Inter-level travel time spent in this place.
 D = Time resting spent in this place.
 E = Time spent auto-exploring this place.
 F = Levels seen in this place.
 G = Mean time per level.
                   A        B        C        D        E       F      G
               +--------+--------+--------+--------+--------+-----+--------+
         Total |  11228 |  10681 |    547 |    844 |   7864 |  12 |  935.7 |
       Dungeon |  10913 |  10366 |    547 |    779 |   7714 |  11 |  992.1 |
         Sewer |    314 |    314 |      0 |     65 |    150 |   1 |  314.0 |
               +--------+--------+--------+--------+--------+-----+--------+

Top non-repeatable levels by time:
     D:8: 1492 daAuts
     D:4: 1472 daAuts
     D:1: 1432 daAuts
    D:10: 1245 daAuts
     D:3: 1214 daAuts
     D:6: 1020 daAuts
     D:9: 894 daAuts
     D:2: 690 daAuts
     D:5: 606 daAuts
     D:7: 539 daAuts
   Sewer: 314 daAuts
    D:11: 305 daAuts
